 Dungeon Crawl Stone Soup version 0.32-a0-643-ga006e7742e (webtiles) character file.

Game seed: 2370054608369189530

28673 Dittersdorf the Fighter (level 13, -1/87 HPs)
             Began as a Gargoyle Fighter on Mar 7, 2024.
             Was an Initiate of Gozag.
             Slain by a death yak (5 damage)
             ... on level 3 of the Lair of Beasts.
             The game lasted 00:14:42 (14110 turns).

Dittersdorf the Fighter (Gargoyle Fighter)         Turns: 14110, Time: 00:14:43

Health: -1/87      AC: 36    Str: 26    XL:     13   Next: 40%
Magic:  0/13       EV: 10    Int: 14    God:    Gozag
Gold:   3354       SH:  6    Dex:  9    Spells: 12/12 levels left

rFire   . . .        z - +3 flail (vamp)
rCold   . . .        c - +0 buckler
rNeg    + . .        r - +4 scale mail
rPois   ∞            k - +1 hat {Will+}
rElec   +            i - +2 cloak
rCorr   .            a - +1 pair of gloves
SInv    .            B - +1 pair of boots {rampage}
Will    +....        n - amulet of guardian spirit Stlth
                     m - +4 ring of protection
HPRegen 0.34/turn    e - +6 ring of intelligence
MPRegen 0.13/turn

%: guardian spirit, rampage
@: slowed, very slow
A: sickness immunity, AC +9, negative energy resistance 1, electricity
resistance, torment resistance 1, petrification resistance
a: Renounce Religion, Potion Petition, Call Merchant, Bribe Branch


You were on level 3 of the Lair of Beasts.
You worshipped Gozag.
Gozag was most pleased with you.
You visited 3 branches of the dungeon, and saw 14 of its levels.

You collected 3470 gold pieces.
You paid 116 gold pieces to Gozag.

Inventory:

Hand Weapons
 z - a +3 vampiric flail (weapon)
Missiles
 v - 8 curare-tipped darts (quivered)
Armour
 a - a +1 pair of gloves (worn)
 c - a +0 buckler (worn)
 i - a +2 cloak (worn)
 k - a +1 hat of willpower (worn)
 r - a +4 scale mail (worn)
 B - a +1 pair of boots of rampaging (worn)
Jewellery
 e - a +6 ring of intelligence (right hand)
 m - a +4 ring of protection (left hand)
 n - an amulet of guardian spirit (around neck)
Wands
 j - a wand of light (11)
 y - a wand of flame (16)
Scrolls
 f - a scroll of enchant weapon
 g - 4 scrolls of teleportation
 p - 2 scrolls of fog
 w - 2 scrolls of enchant armour
 A - 2 scrolls of revelation
Potions
 b - 3 potions of brilliance
 d - 2 potions of might
 h - 3 potions of haste
 o - 2 potions of ambrosia
 q - 3 potions of curing
 s - 3 potions of mutation {unknown}
 t - 3 potions of invisibility
 u - 6 potions of enlightenment
 x - 3 potions of heal wounds


   Skills:
 + Level 12.8 Fighting
 + Level 11.5 Maces & Flails
 + Level 12.8 Armour
 + Level 12.7 Shields


You had 12 spell levels left.
You didn't know any spells.
Your spell library contained the following spells:

 Spells                   Type           Power      Damage    Failure   Level
 Freeze                   Ice            0%         1d3       52%         1
 Ensorcelled Hibernation  Hex/Ice        0%         N/A       65%         2
 Static Discharge         Conj/Air       0%         3-3/arc   65%         2
 Frozen Ramparts          Ice            0%         1d1       87%         3
 Hailstorm                Conj/Ice       0%         3d5       87%         3
 Ozocubu's Armour         Ice            0%         N/A       87%         3
 Passwall                 Erth           0%         N/A       87%         3
 Summon Ice Beast         Ice/Summ       0%         N/A       87%         3
 Swiftness                Air            0%         N/A       87%         3
 Airstrike                Air            0%         2d(0-16)  99%         4
 Summon Lightning Spire   Summ/Air       0%         N/A       99%         4
 Metabolic Englaciation   Hex/Ice        0%         N/A       100%        5
 Sculpt Simulacrum        Ice/Alch       0%         N/A       100%        6


Dungeon Overview and Level Annotations

Branches:
Dungeon (10/15)            Temple (1/1) D:6            Lair (3/5) D:9
 Shoals (0/4) Lair:2       Spider (0/4) Lair:3          Orc (0/2) D:9

Altars:
Ashenzari
Cheibriados
Dithmenos
Elyvilon
Fedhas
Gozag
Hepliaklqana
Kikubaaqudgha
Makhleb
Nemelex Xobeh
Okawaru
Qazlal
Ru
Sif Muna
Trog
Uskayaw
Vehumet
Wu Jian
Xom
Yredelemnul
Zin
The Shining One


Innate Abilities, Weirdness & Mutations

You are immune to sickness and miasma.
Your stone body is resilient. (AC +9)
You are immune to poison.
You resist negative energy. (rN+)
You are resistant to electric shocks. (rElec)
You are resistant to unholy torment.
You are immune to petrification.


Message History

The boulder beetle leaps!
The death yak attacks as it pursues you!
You block the death yak's attack. The death yak gores you!
You enter the shallow water.
Moving in this stuff is going to be slow.
The death yak gores you but does no damage.
The boulder beetle curls into a ball and begins rolling!
You block the death yak's attack. x2
You block the five-headed hydra's attack.
The five-headed hydra bites you but does no damage.
The five-headed hydra bites you!
The five-headed hydra bites you but does no damage.
The five-headed hydra bites you!
* * * LOW HITPOINT WARNING * * *
The death yak gores you but does no damage.
The five-headed hydra bites you but does no damage. x4
You block the five-headed hydra's attack.
The death yak attacks as it pursues you!
The death yak gores you but does no damage.
You block the five-headed hydra's attack. x2
The five-headed hydra bites you but does no damage.
The five-headed hydra bites you!
* * * LOW HITPOINT WARNING * * *
The five-headed hydra closely misses you.
The boulder beetle hits you but does no damage.
The boulder beetle stops rolling and uncurls.
The death yak gores you but does no damage.
The five-headed hydra bites you but does no damage.
The five-headed hydra closely misses you.
The five-headed hydra bites you but does no damage.
The five-headed hydra bites you!
* * * LOW HITPOINT WARNING * * *
The five-headed hydra bites you but does no damage.
The boulder beetle bites you but does no damage.
The death yak attacks as it pursues you!
The death yak gores you.
* * * LOW HITPOINT WARNING * * *
The boulder beetle leaps!
The death yak gores you!
You die...
Your body crumbles into a pile of gold.

.####
#..#.>....###.#....#.#.#
##
##.....................#
#.................).....
#.......................
#..#.....~~~.~~~........
####....~B~~.~~.~.......
##...~~.~.~.~~.......
#...~~~...~~~.......
###@....>...........
#DY°~...~~~.......
#P~~w~.~.~~.......
##~.~~.~~.~......#
##.~~~.~~~.......#
#.....~#....######
#...........#.#
#........#..###
#.P#.###....#######


You could see a death yak, a boulder beetle, a five-headed hydra and a torpor
snail.

Vanquished Creatures
  Gastronok (D:8)
  Erica (D:8)
  2 boulder beetles (Lair:1)
  5 death yaks (Lair:2)
  Pikel (D:8)
  4 elephants (Lair:1)
  A manticore (Lair:2)
  2 black mambas
  5 cane toads
  Maggie (D:6)
  Jeremiah (D:7)
  A gargoyle (D:10)
  2 rime drakes
  5 komodo dragons
  A troll (D:10)
  5 polar bears
  A wind drake (Lair:2)
  Prince Ribbit (D:8)
  13 blink frogs
  3 jumping spiders (Lair:3)
  21 yaks
  2 wyverns
  Eustachio (D:6)
  3 hogs (Lair:3)
  3 basilisks
  2 steam dragons (D:9)
  A redback (Lair:3)
  11 water moccasins
  Duvessa (D:7)
  2 black bears
  4 ice beasts
  2 ogres (D:5)
  10 wolves
  A lemure (D:8)
  A kobold brigand (D:7)
  8 bullfrogs
  A gnoll sergeant (D:5)
  4 scorpions (D:4)
  11 wights
  Dowan (D:7)
  16 killer bees
  8 howler monkeys
  A bombardier beetle (D:6)
  3 hounds
  3 jellies
  3 orc priests
  3 iguanas
  Jessica (D:3)
  Terence (D:2)
  2 orc wizards (D:4)
  Robin (D:2)
  8 adders
  9 gnolls
  A white imp (D:6)
  2 ribbon worms (D:2)
  4 dart slugs
  13 orcs
  5 ball pythons
  7 bats
  10 endoplasms
  2 giant cockroaches
  17 goblins
  8 hobgoblins
  6 jackals
  3 quokkas
  4 frilled lizards
  11 kobolds
  3 rats
301 creatures vanquished.

Vanquished Creatures (others)
  Kirke (Lair:3)
1 creature vanquished.

Grand Total: 302 creatures vanquished

Notes
Turn   | Place    | Note
-------+----------+-------------------------------------------
     0 | D:1      | Dittersdorf the Gargoyle Fighter began the quest for the
                  | Orb.
     0 | D:1      | Reached XP level 1. HP: 14/14 MP: 1/1
   154 | D:1      | Reached XP level 2. HP: 18/19 MP: 2/2
   967 | D:2      | Reached XP level 3. HP: 13/24 MP: 3/3
  1031 | D:2      | Noticed Terence
  1040 | D:2      | Killed Terence
  1081 | D:2      | Reached XP level 4. HP: 29/29 MP: 4/4
  1143 | D:2      | Found the +5 woodcutter's axe
  1374 | D:2      | Noticed Robin
  1422 | D:2      | Killed Robin
  1423 | D:2      | Reached XP level 5. HP: 14/33 MP: 5/5
  1794 | D:2      | Found a faded altar of an unknown god.
  2044 | D:3      | Noticed Jessica
  2049 | D:3      | Killed Jessica
  2849 | D:4      | Found a radiant altar of Vehumet.
  2857 | D:4      | Reached XP level 6. HP: 39/39 MP: 6/6
  3128 | D:4      | Reached skill level 5 in Armour
  3134 | D:4      | Reached skill level 5 in Fighting
  3140 | D:4      | Reached skill level 5 in Shields
  3140 | D:4      | Reached XP level 7. HP: 20/44 MP: 7/7
  3897 | D:4      | Found a radiant altar of Vehumet.
  4359 | D:5      | Entered Level 5 of the Dungeon
  4709 | D:5      | Found a burning altar of Makhleb.
  4801 | D:5      | Reached XP level 8. HP: 36/51 MP: 8/8
  5048 | D:5      | Reached skill level 5 in Maces & Flails
  5824 | D:6      | Found a staircase to the Ecumenical Temple.
  5833 | Temple   | Entered the Ecumenical Temple
  5846 | Temple   | Became a worshipper of Gozag Ym Sagoz the Greedy
  5887 | D:6      | Noticed Maggie
  5907 | D:6      | Killed Maggie
  5959 | D:6      | Noticed Eustachio
  5984 | D:6      | Killed Eustachio
  6118 | D:6      | Reached XP level 9. HP: 55/56 MP: 9/9
  6280 | D:7      | Noticed Dowan
  6280 | D:7      | Noticed Duvessa
  6299 | D:7      | Killed Duvessa
  6304 | D:7      | Killed Dowan
  6745 | D:7      | Noticed Jeremiah
  6781 | D:7      | Killed Jeremiah
  7272 | D:8      | Noticed Erica
  7289 | D:8      | Killed Erica
  7312 | D:8      | Noticed Gastronok
  7338 | D:8      | Killed Gastronok
  7339 | D:8      | Reached XP level 10. HP: 6/65 MP: 10/10
  7566 | D:8      | Noticed Pikel
  7618 | D:8      | Killed Pikel
  8225 | D:8      | Noticed Prince Ribbit
  8241 | D:8      | Killed Prince Ribbit
  8507 | D:9      | Identified a scroll of acquirement
  8507 | D:9      | Acquired 916 gold pieces
  8612 | D:9      | Reached XP level 11. HP: 72/72 MP: 8/11
  8617 | D:9      | Found a staircase to the Lair.
  9040 | D:9      | Found a staircase to the Orcish Mines.
  9484 | D:10     | Entered Level 10 of the Dungeon
  9528 | D:10     | Reached skill level 10 in Fighting
  9528 | D:10     | Reached skill level 10 in Armour
  9528 | D:10     | Reached skill level 10 in Shields
  9962 | D:10     | Found a glowing golden altar of the Shining One.
 10277 | D:10     | Identified the +0 robe of Virtue {Rampage Slay+4 Archmagi}
 10718 | Lair:1   | Entered Level 1 of the Lair of Beasts
 11098 | Lair:1   | Found a transporter.
 11100 | Lair:1   | Found a transporter.
 11101 | Lair:1   | Noticed a boulder beetle
 11158 | Lair:1   | Noticed a boulder beetle
 11181 | Lair:1   | Killed a boulder beetle
 11532 | Lair:1   | Reached XP level 12. HP: 68/80 MP: 9/12
 11565 | Lair:1   | Reached skill level 10 in Maces & Flails
 12138 | Lair:1   | Killed a boulder beetle
 12584 | Lair:2   | Found a staircase to the Shoals.
 13251 | Lair:3   | Noticed a death yak
 13251 | Lair:3   | Noticed a death yak
 13251 | Lair:3   | Noticed a death yak
 13251 | Lair:3   | Noticed a death yak
 13270 | Lair:2   | Killed a death yak
 13275 | Lair:3   | Noticed a death yak
 13294 | Lair:2   | Killed a death yak
 13304 | Lair:2   | Killed a death yak
 13435 | Lair:2   | Killed a death yak
 13436 | Lair:2   | Reached XP level 13. HP: 75/86 MP: 10/13
 13500 | Lair:3   | Found a hole to the Spider Nest.
 13735 | Lair:3   | Noticed Kirke
 13815 | Lair:3   | Killed Kirke
 14110 | Lair:3   | HP: 4/87 [death yak (3)]
 14110 | Lair:3   | Slain by a death yak

Illustrated notes

Levels and vault maps discovered:
D:1:      nicolae_arrival_memento_mori, layout_basic, amethyst_killhole,
          chequers_serial_rivers_micro_a
D:2:      layout_basic, shapermc_ecumenical_altar_notcrosses,
          minmay_misc_feat_diagonals, uniq_robin, uniq_terence
D:3:      layout_basic, serial_park_tiny_2, st_stairs_4, uniq_jessica
D:4:      layout_loops_ring, lemuel_crystal_altar, grunt_tough_drop
D:5:      layout_loops_ring, mainiacjoe_overflow_six_doors_small,
          lightli_minifort
D:6:      layout_layer_cave, minmay_temple_entry_offerings, uniq_eustachio,
          uniq_maggie
D:7:      layout_loops_cross, nicolae_houndstooth_variations, uniq_jeremiah,
          uniq_duvessa
D:8:      layout_loops_cross, uniq_erica, uniq_gastronok, uniq_prince_ribbit1,
          uniq_pikel
D:9:      layout_irregular_city, hellmonk_lair_entry_icy, orc_0_dummy
D:10:     layout_loops_corners, tso_metal_star, minmay_holes, roderic_lattice_a
Temple:   compressed_dpeg_triangle_lava_temple
Lair:1:   gammafunk_boulding_lane, layout_cave_pods, beast_lair_carwin_2,
          lemuel_fruit_fields
Lair:2:   layout_gridlike, minmay_shoals_entry_beasts, serial_bayou_shore_b,
          grunt_megastairs_1
Lair:3:   layout_gridlike, spider_nest_entry_a, hangedman_lair_generics_rect,
          uniq_kirke

Skill      XL: |  1  2  3  4  5  6  7  8  9 10 11 12 |
---------------+-------------------------------------+-----
Fighting       | 4 5 6 8 9 11 12 | 12.8
Armour         | 4 5 6 8 9 11 12 | 12.8
Shields        | 4 5 6 8 9 10 12 | 12.7
Maces & Flails | 3 4 5 7 8 9 11 | 11.5

Action                     |  1- 3 |  4- 6 |  7- 9 | 10-12 | 13-15 || total
---------------------------+-------+-------+-------+-------+-------++-------
  Melee: Flail             |    63 |   202 |   301 |   841 |   266 ||  1673
         Mace              |    18 |       |       |       |       ||    18
  Throw: Dart              |       |       |     1 |     2 |       ||     3
    Use: Scroll            |       |       |    13 |     7 |       ||    20
   Stab: Distracted        |       |       |       |     3 |       ||     3
 Armour: Scale mail        |    64 |       |       |   318 |   337 ||   719
         Chain mail        |     4 |   188 |   140 |       |       ||   332
         Steam dragon scal |       |       |   122 |   430 |       ||   552
  Dodge: Dodged            |    35 |    99 |   130 |   503 |   156 ||   923
  Block: Buckler           |    23 |    62 |    79 |   284 |   108 ||   556

Table legend: (Time is in decaauts)
 A = Elapsed time spent in this place.
 B = Non-inter-level travel time spent in this place.
 C = Inter-level travel time spent in this place.
 D = Time resting spent in this place.
 E = Time spent auto-exploring this place.
 F = Levels seen in this place.
 G = Mean time per level.
                   A        B        C        D        E       F      G
               +--------+--------+--------+--------+--------+-----+--------+
         Total |  14219 |  13711 |    508 |   1222 |   9390 |  14 | 1015.6 |
       Dungeon |  10915 |  10473 |    442 |   1024 |   7517 |  10 | 1091.5 |
        Temple |     26 |     26 |      0 |      0 |      0 |   1 |   26.0 |
          Lair |   3277 |   3211 |     66 |    198 |   1873 |   3 | 1092.3 |
               +--------+--------+--------+--------+--------+-----+--------+

Top non-repeatable levels by time:
     D:4: 1711 daAuts
     D:8: 1458 daAuts
  Lair:1: 1399 daAuts
  Lair:2: 1224 daAuts
    D:10: 1210 daAuts
     D:2: 1144 daAuts
     D:7: 1039 daAuts
     D:5: 992 daAuts
     D:1: 934 daAuts
     D:9: 863 daAuts
     D:3: 838 daAuts
     D:6: 722 daAuts
  Lair:3: 652 daAuts
  Temple: 26 daAuts
